 Dungeon Sprint DCSS version 0.24.1-8-ga250c9d538 (webtiles) character file.

Game seed: 12771645030632268302, levelgen mode: deterministic

167273 Atelerd the Hoplite (level 18, -21/132 HPs)
             Began as a Human Fighter on May 7, 2020.
             Was the Champion of Okawaru.
             Killed from afar by a Hell Sentinel (32 damage)
             ... with damnation
             ... in the Dungeon (Sprint V: "Ziggurat Sprint").
             The game lasted 00:40:36 (2640 turns).

Atelerd the Hoplite (Human Fighter)                 Turns: 2640, Time: 00:40:37

Health: -21/132    AC: 36    Str: 24    XL:     18   Next: 55%
Magic:  0/34       EV: 18    Int: 14    God:    Okawaru [******]
Gold:   0          SH: 36    Dex: 13    Spells: 35/42 levels left

rFire    . . .     SeeInvis +   H - +8 Maxwell's thermic engine {flame, freeze}
rCold    + . .     Gourm    .   K - +18 shield of the Gong {rElec rN+ MR+ EV-5}
rNeg     + . .     Faith    .   b - +8 orange crystal plate armour {Archmagi, Int+3 Clar}
rPois    .         Spirit   +   A - +0 mask of the Dragon {MR+ Slay+3 SInv}
rElec    +         Reflect  .   X - +2 cloak {+Inv}
rCorr    +         Harm     .   (no gloves)
MR       +++..     Clarity  +   d - +2 pair of boots {run} Stlth ..........NoTele +
                                a - amulet of guardian spirit
HPRegen  0.32/turn              c - ring "Cuhuah" {rCorr Str+4 Slay+3}
MPRegen  0.24/turn              P - ring "Pobuureg" {+Inv rElec rC+ EV+5 Str-2}

@: lethally poisoned (-21 -> -25), heroism, finesse, corroded, very slightly
contaminated, studying 2 skills, quick
A: deformed body, frail 2, screaming 1
a: Heroism, Finesse, Renounce Religion, Evoke Invisibility


You were in the Dungeon.
You worshipped Okawaru.
Okawaru was exalted by your worship.
You were not hungry.

You visited 1 branch

Inventory:

Hand Weapons
 h - a +2 double sword of holy wrath
 H - the +8 Maxwell's thermic engine (weapon) {flame, freeze}
   (You found it in the Dungeon)

   It has been specially enchanted to burn those struck by it, causing extra
   injury to most foes and up to half again as much damage against particularly
   susceptible opponents.
   Big, fiery blades are also staple armaments of hydra-hunters.
   It has been specially enchanted to freeze those struck by it, causing extra
   injury to most foes and up to half again as much damage against particularly
   susceptible opponents.
 I - the +8 demon blade "Leech" {vamp, rN+ AC-3 EV-3}
   (You found it in the Dungeon)

   It inflicts no extra harm, but heals its wielder when it wounds a living foe.
   It affects your AC (-3).
   It affects your evasion (-3).
   It protects you from negative energy.
 L - the +7 Singing Sword {slice, sonic wave}
   (You found it in the Dungeon)

   It inflicts extra damage upon your enemies.
Armour
 b - the +8 orange crystal plate armour (worn) {Archmagi, Int+3 Clar}
   (You took it off an orc warlord in the Dungeon)

   It affects your intelligence (+3).
   It protects you against confusion.
 d - a +2 pair of boots of running (worn)
 A - the +0 mask of the Dragon (worn) {MR+ Slay+3 SInv}
   (You found it in the Dungeon)

   It affects your accuracy and damage with ranged weapons and melee attacks
   (+3).
   It affects your resistance to hostile enchantments.
   It lets you see invisible.
 B - the +3 chain mail of Curiosity {rN+ Regen+ MP+9 Slay+3}
   (You found it in the Dungeon)

   It affects your accuracy and damage with ranged weapons and melee attacks
   (+3).
   It protects you from negative energy.
   It affects your magic capacity (+9).
   It increases your rate of regeneration.
 J - the +15 Maxwell's patent armour {-Cast -Tele rElec MR+ rCorr}
   (You found it in the Dungeon)

   It insulates you from electricity.
   It affects your resistance to hostile enchantments.
   It prevents spellcasting.
   It prevents most forms of teleportation.
   It provides partial protection from all sources of acid and corrosion.
 K - the +18 shield of the Gong (worn) {rElec rN+ MR+ EV-5}
   (You found it in the Dungeon)

   It affects your evasion (-5).
   It insulates you from electricity.
   It protects you from negative energy.
   It affects your resistance to hostile enchantments.
 X - a +2 cloak of invisibility (worn)
Jewellery
 a - an amulet of guardian spirit (around neck)
 c - the ring "Cuhuah" (left hand) {rCorr Str+4 Slay+3}
   (You found it in the Dungeon)

   [ring of resist corrosion]

   It affects your strength (+4).
   It affects your accuracy and damage with ranged weapons and melee attacks
   (+3).
   It provides partial protection from all sources of acid and corrosion.
 y - the ring "Gauneses" {rF+ MR+ Dex+4}
   (You took it off an orc sorcerer in the Dungeon)

   [ring of dexterity]

   It affects your dexterity (+4).
   It protects you from fire.
   It affects your resistance to hostile enchantments.
 z - the ring "Xaisyergh" {MR+ Str+4}
   (You found it in the Dungeon)

   [ring of protection from magic]

   It affects your strength (+4).
   It affects your resistance to hostile enchantments.
 C - an uncursed ring of protection from cold
 D - an uncursed ring of flight
 N - an uncursed amulet of the gourmand
 O - an uncursed ring of magical power
 P - the ring "Pobuureg" (right hand) {+Inv rElec rC+ EV+5 Str-2}
   (You found it in the Dungeon)

   [ring of evasion]

   It affects your evasion (+5).
   It affects your strength (-2).
   It protects you from cold.
   It insulates you from electricity.
   It lets you turn invisible.
 R - an uncursed amulet of harm
 S - an uncursed ring of ice
 U - a +3 amulet of reflection
 V - the ring "Zadexeb" {MP+9 Str+4 Dex+3}
   (You found it in the Dungeon)

   [ring of magical power]

   It affects your strength (+4).
   It affects your dexterity (+3).
   It affects your magic capacity (+9).
 W - the ring of Ganijesi {+Fly rElec rN+ rCorr Int+4 Dex+4}
   (You found it in the Dungeon)

   [ring of resist corrosion]

   It affects your intelligence (+4).
   It affects your dexterity (+4).
   It insulates you from electricity.
   It protects you from negative energy.
   It lets you fly.
   It provides partial protection from all sources of acid and corrosion.
 Z - a +2 ring of dexterity
Wands
 E - a wand of disintegration (7)
 F - a wand of iceblast (2)
 G - a wand of acid (7)
Scrolls
 k - 3 scrolls of blinking
 q - 4 scrolls of amnesia
 r - 5 scrolls of fog
 s - 3 scrolls of holy word
 t - 4 scrolls of identify
 u - 5 scrolls of remove curse
 v - 2 scrolls of fear
 Q - 8 scrolls of enchant armour
 T - 10 scrolls of brand weapon
Potions
 e - 8 potions of curing
 g - 6 potions of heal wounds
 i - 7 potions of magic
 j - 2 potions of berserk rage
 l - 2 potions of brilliance
 m - 2 potions of invisibility
 n - 4 potions of resistance
 p - 5 potions of agility
Books
 x - a manual of
Armour
 M - a manual of Short Blades
Miscellaneous
 o - a lamp of fire
 w - a lightning rod (2/4)
 Y - 7 phantom mirrors
Comestibles
 f - 8 rations


   Skills:
 + Level 21.2(26.2) Fighting
 + Level 21.2(26.2) Long Blades
   Level 2.0(7.0) Axes
 + Level 21.2(26.2) Armour
 * Level 21.0(26.0) Dodging
 + Level 21.3(26.3) Shields
 * Level 12.7 Spellcasting
 * Level 0.3 Summonings
 * Level 0.2 Translocations
 - Level 17.8 Invocations
 - Level 18.8 Evocations


You had 35 spell levels left.
You knew the following spells:

 Your Spells              Type           Power        Failure   Level  Hunger
a - Malign Gateway        Summ/Tloc      ##........   100%        7    #######

Your spell library contained the following spells:

 Spells                   Type           Power        Failure   Level  Hunger
 Corona                   Hex            ##.....      54%         1    None
 Magic Dart               Conj           ##..         54%         1    None
 Sandblast                Erth           ##....       54%         1    None
 Blink                    Tloc           N/A          65%         2    None
 Call Imp                 Summ           ##......     65%         2    None
 Corpse Rot               Necr           N/A          69%         2    None
 Passwall                 Tmut/Erth      ##......     69%         2    None
 Slow                     Hex            ##......     69%         2    None
 Swiftness                Chrm/Air       ##......     69%         2    None
 Throw Flame              Conj/Fire      ##....       69%         2    None
 Call Canine Familiar     Summ           ##......     86%         3    None
 Portal Projectile        Hex/Tloc       ##....       88%         3    None
 Conjure Flame            Conj/Fire      ##......     89%         3    None
 Inner Flame              Hex/Fire       ##......     89%         3    None
 Mephitic Cloud           Conj/Pois/Air  ##......     89%         3    None
 Stone Arrow              Conj/Erth      ##....       89%         3    None
 Summon Lightning Spire   Summ/Air       ##......     99%         4    ###....
 Airstrike                Air            ##........   100%        4    ###....
 Cause Fear               Hex            ##........   100%        4    ###....
 Leda's Liquefaction      Hex/Erth       ##........   100%        4    ###....
 Petrify                  Tmut/Erth      ##......     100%        4    ###....
 Lee's Rapid Deconstruct  Erth           ##........   100%        5    #####..
 Summon Demon             Summ           ##........   100%        5    #####..
 Summon Forest            Summ/Tloc      ##........   100%        5    #####..
 Hydra Form               Tmut           ##........   100%        6    ######.
 Summon Hydra             Summ           ##........   100%        7    #######
 Tornado                  Air            ##........   100%        9    #######


Dungeon Overview and Level Annotations

Branches:
Dungeon (1/1)

Altars:
Ashenzari
Cheibriados
Dithmenos
Elyvilon
Fedhas
Gozag
Hepliaklqana
Kikubaaqudgha
Makhleb
Nemelex Xobeh
Okawaru
Qazlal
Ru
Sif Muna
Trog
Uskayaw
Vehumet
Wu Jian
Xom
Yredelemnul
Zin
The Shining One
Beogh
Jiyva
Lugonu


Innate Abilities, Weirdness & Mutations

Armour fits poorly on your strangely shaped body.
You are very frail. (-20% HP)
You occasionally shout uncontrollably at your foes.


Message History

The bat zombie is destroyed!
You hear a shout!
You feel much better.
You feel sick. The hellion gestures at you.
The sphere of damnation explodes!
The damnation engulfs you!
* * * LOW HITPOINT WARNING * * *
The damnation engulfs the bat zombie!
The bat zombie is destroyed!
Unknown command.
You feel much better.
You feel sick. The hellion gestures at you.
The sphere of damnation explodes!
The damnation engulfs you!!
* * * LOW HITPOINT WARNING * * *
The damnation engulfs the bat zombie!!
The bat zombie is destroyed!
The damnation engulfs the hellion.
The hellion completely resists.
The Hell Sentinel gestures at you.
The sphere of damnation explodes!
The damnation engulfs the hellion.
The hellion completely resists.
The damnation engulfs you!!
You die...

...........▓ ..........2.....
)(.........▓. ......25z.......
..)........▓. ......Z22........
..)........▓..........Z........
.)†....... ▓.. ....5212........
..(....... ▓....▓..4......▓....
......▓... ▓..§▓▓▓.....[.▓▓ ...
.......... ▓..§§▓2§.......▓....
.......... ▓..§§@§§...........
.......... ▓..§§§§§............
..©....... ▓..§§§§§..©.........
▓▓▓▓▓▓▓▓▓▓ ▓▓▓▓▓▓▓▓▓▓▓▓▓▓▓▓▓▓▓▓


You could see a Hell Sentinel, 4 reapers, a skeletal warrior, a rust devil, 2
hellions, 2 iron imps, a bat zombie and an adder zombie.

Vanquished Creatures
  A greater mummy (D)
  A bone dragon (D)
  A Hell Sentinel (D)
  A lich (D)
  An acid blob (D)
  4 titans (D)
  3 quicksilver dragons (D)
  3 azure jellies (D)
  9 orc warlords (D)
  8 frost giants (D)
  7 iron dragons (D)
  9 fire giants (D)
  A ghost moth (D)
  An emperor scorpion (D)
  A ghoul (D)
  2 entropy weavers (D)
  15 stone giants (D)
  4 reapers (D)
  A vampire knight (D)
  13 ettins (D)
  A mummy priest (D)
  A blizzard demon (D)
  14 crystal guardians (D)
  A death ooze (D)
  2 hydras (D)
  2 rakshasas (D)
  Erica (D)
  A two-headed ogre (D)
  A death scarab (D)
  A vampire mage (D)
  An orc high priest (D)
  4 soul eaters (D)
  12 iron golems (D)
  7 skeletal warriors (D)
  A death drake (shapeshifter) (D)
  3 glowing orange brains (D)
  4 orc knights (D)
  An ironbrand convoker (D)
  An orb spider (D)
  A necromancer (D)
  A shining eye (D)
  8 orc sorcerers (D)
  6 wolf spiders (D)
  6 cyclopes (D)
  A moth of wrath (D)
  A worldbinder (D)
  3 rust devils (D)
  An elephant (D)
  A torpor snail (D)
  A naga mage (D)
  A hellion (D)
  5 gargoyles (D)
  2 freezing wraiths (D)
  3 tormentors (D)
  An ice devil (D)
  4 demonic crawlers (D)
  2 guardian mummies (D)
  2 jumping spiders (D)
  6 hornets (D)
  4 trolls (D)
  8 slime creatures (D)
  A blink frog (D)
  Sigmund (D)
  2 flying skulls (D)
  5 redbacks (D)
  2 yaks (D)
  4 tarantellas (D)
  2 shadows (D)
  A basilisk (D)
  2 golden eyes (D)
  A naga (D)
  4 wargs (D)
  Edmund (D)
  A floating eye (D)
  A hell hound (D)
  Duvessa (D)
  5 water moccasins (D)
  2 porcupines (D)
  15 orc warriors (D)
  A sky beast (D)
  5 ogres (D)
  3 eyes of draining (D)
  A wolf (D)
  A small abomination (D)
  A crocodile (D)
  11 earth elementals (D)
  Blork the orc (D)
  5 bullfrogs (D)
  2 scorpions (D)
  Dowan (D)
  3 wights (D)
  6 jellies (D)
  6 orc wizards (D)
  2 orc priests (D)
  6 iron imps (D)
  Crazy Yiuf (D)
  An iguana (D)
  Jessica (D)
  2 mummies (D)
  5 adders (D)
  A shadow imp (D)
  2 white imps (D)
  2 ufetubi (D)
  2 oozes (D)
  A spectral adder (D)
  4 adder zombies (D)
  An adder skeleton (D)
  5 bat skeletons (D)
  7 bat zombies (D)
  A ball python (D)
  A ball python skeleton (D)
  A bat simulacrum (D)
  3 giant cockroach zombies (D)
  A leopard gecko skeleton (D)
  2 quokka skeletons (D)
  A spectral giant cockroach (D)
364 creatures vanquished.

Vanquished Creatures (collateral kills)
  A jackal zombie (D)
1 creature vanquished.

Vanquished Creatures (others)
  4 bat zombies (D)
4 creatures vanquished.

Grand Total: 369 creatures vanquished

Notes
Turn   | Place    | Note
-------+----------+-------------------------------------------
     0 | D        | Atelerd the Human Fighter began the quest for the Orb.
     0 | D        | Reached XP level 1. HP: 18/18 MP: 1/1
     0 | D        | Found a shimmering blue altar of Sif Muna.
     0 | D        | Found a bloodstained altar of Trog.
     0 | D        | Found a sacrificial altar of Ru.
     0 | D        | Found a stormy altar of Qazlal.
     0 | D        | Found an iron altar of Okawaru.
     1 | D        | Found a sparkling altar of Nemelex Xobeh.
     1 | D        | Found a blossoming altar of Fedhas.
     2 | D        | Found the +6 Majin-Bo {vamp, Archmagi MP+6 Int+6}
     2 | D        | Found the +7 great mace "Firestarter" {inner flame, rF++}
     3 | D        | Found a transporter.
     3 | D        | Found an ancient bone altar of Kikubaaqudgha.
     3 | D        | Found a viscous altar of Jiyva.
     3 | D        | Found a corrupted altar of Lugonu.
     3 | D        | Found a hazy altar of Hepliaklqana.
     3 | D        | Found a burning altar of Makhleb.
     3 | D        | Found an opulent altar of Gozag.
    32 | D        | Became a worshipper of Warmaster Okawaru
    39 | D        | Found the +9 heavy crossbow "Sniper" {velocity, Acc+∞ SInv}
    39 | D        | Found the +10 dark maul {crush}
    39 | D        | Found the +15 Maxwell's patent armour {-Cast -Tele rElec
                  | MR+ rCorr}
    39 | D        | Found the +18 shield of the Gong {rElec rN+ MR+ EV-5}
    39 | D        | Found the cursed +14 obsidian axe {chop, +Fly SInv *Curse}
    41 | D        | Found the +6 shillelagh "Devastator" {shatter}
    41 | D        | Found the +11 plutonium sword {*Contam Stlth-}
    41 | D        | Found the +8 lance "Wyrmbane" {slay drac, rPois rF+ rC+
                  | AC+3}
    41 | D        | Found the +9 sword of Zonguldrok {reap}
    41 | D        | Found the cursed +13 scythe of Curses {drain, *Curse}
    41 | D        | Found the +0 sword of Power
    41 | D        | Found the +7 mace of Variability {chain chaos}
    41 | D        | Found the +7 Singing Sword {slice, sonic wave}
    41 | D        | Found the +8 storm bow {elec, penet}
    43 | D        | Reached XP level 2. HP: 26/26 MP: 2/2
    74 | D        | Entered arena 2.
    74 | D        | Noticed a tarantella
    74 | D        | Noticed a jumping spider
    74 | D        | Found a transporter.
    76 | D        | Killed a jumping spider
    76 | D        | Reached * piety under Okawaru
    76 | D        | Reached ** piety under Okawaru
    76 | D        | Reached XP level 3. HP: 34/34 MP: 2/7
    76 | D        | Reached XP level 4. HP: 40/40 MP: 2/8
    76 | D        | Reached XP level 5. HP: 46/46 MP: 2/9
    76 | D        | Reached XP level 6. HP: 52/52 MP: 2/10
    78 | D        | Killed a tarantella
    78 | D        | Reached XP level 7. HP: 59/59 MP: 2/12
   152 | D        | Entered arena 3.
   152 | D        | Noticed a tarantella
   152 | D        | Found a transporter.
   156 | D        | Killed a tarantella
   156 | D        | Reached *** piety under Okawaru
   165 | D        | Entered arena 4.
   165 | D        | Noticed a water moccasin
   165 | D        | Found a transporter.
   171 | D        | Killed a water moccasin
   171 | D        | Reached XP level 8. HP: 65/68 MP: 13/15
   184 | D        | Entered arena 5.
   184 | D        | Noticed a wolf spider
   184 | D        | Noticed a death drake
   184 | D        | Noticed an ironbrand convoker
   184 | D        | Found a transporter.
   185 | D        | Found the +7 sceptre of Torment {pain, torment}
   188 | D        | Killed a wolf spider
   188 | D        | Reached skill level 10 in Invocations
   190 | D        | Killed an ironbrand convoker
   190 | D        | Reached **** piety under Okawaru
   190 | D        | Reached XP level 9. HP: 66/75 MP: 13/17
   195 | D        | Killed a death drake
   195 | D        | Reached ***** piety under Okawaru
   393 | D        | Entered arena 6.
   393 | D        | Noticed a slime creature
   393 | D        | Found a transporter.
   402 | D        | Killed a slime creature
   412 | D        | Got the ring of Seba {rN+ AC+3 Str+3}
   492 | D        | Entered arena 7.
   492 | D        | Noticed a slime creature
   492 | D        | Noticed a shining eye
   492 | D        | Noticed a slime creature
   494 | D        | Found a transporter.
   498 | D        | Killed a slime creature
   499 | D        | Gained mutation: You occasionally shout uncontrollably at
                  | your foes. [a shining eye]
   501 | D        | Gained mutation: You are frail. (-10% HP) [a shining eye]
   502 | D        | Gained mutation: You are very frail. (-20% HP) [a shining
                  | eye]
   509 | D        | Killed a slime creature
   509 | D        | Reached XP level 10. HP: 67/67 MP: 1/19
   511 | D        | Gained mutation: Armour fits poorly on your strangely
                  | shaped body. [a shining eye]
   512 | D        | Killed a shining eye
   512 | D        | Reached skill level 10 in Long Blades
   516 | D        | Received a gift from Okawaru
   516 | D        | Reached skill level 10 in Fighting
   516 | D        | Reached skill level 10 in Armour
   516 | D        | Reached skill level 10 in Shields
   621 | D        | Entered arena 8.
   621 | D        | Noticed a naga mage
   622 | D        | Found a transporter.
   633 | D        | Killed a naga mage
   740 | D        | Entered arena 9.
   741 | D        | Found a transporter.
   759 | D        | Got the ring "Zadexeb" {MP+9 Str+4 Dex+3}
   765 | D        | Entered arena 10.
   765 | D        | Noticed Sigmund
   765 | D        | Noticed Jessica
   765 | D        | Noticed Blork the orc
   765 | D        | Noticed Crazy Yiuf
   765 | D        | Noticed Dowan
   765 | D        | Noticed Duvessa
   765 | D        | Noticed Edmund
   765 | D        | Noticed Erica
   766 | D        | Found the +7 pair of quick blades "Gyre" and "Gimble"
                  | {protect}
   766 | D        | Found a transporter.
   769 | D        | Killed Jessica
   771 | D        | Killed Sigmund
   771 | D        | Killed Blork the orc
   771 | D        | Killed Crazy Yiuf
   771 | D        | Killed Dowan
   771 | D        | Killed Erica
   771 | D        | Reached XP level 11. HP: 73/73 MP: 13/22
   772 | D        | Killed Duvessa
   774 | D        | Killed Edmund
   782 | D        | Got the ring of Ganijesi {+Fly rElec rN+ rCorr Int+4 Dex+4}
   803 | D        | Entered arena 11.
   803 | D        | Noticed a death scarab
   803 | D        | Noticed a mummy priest
   803 | D        | Noticed a greater mummy
   804 | D        | Found a transporter.
   806 | D        | Noticed an emperor scorpion
   806 | D        | Noticed an emperor scorpion
   807 | D        | Reached skill level 1 in Evocations
   809 | D        | Killed a death scarab
   809 | D        | Killed a mummy priest
   809 | D        | Reached ****** piety under Okawaru
   810 | D        | Reached skill level 5 in Evocations
   814 | D        | Killed a greater mummy
   814 | D        | Received a gift from Okawaru
   814 | D        | Reached XP level 12. HP: 49/81 MP: 18/23
  1043 | D        | Entered arena 12.
  1044 | D        | Noticed an orc warlord
  1048 | D        | Noticed a two-headed ogre
  1049 | D        | Found a transporter.
  1050 | D        | Noticed a sixfirhy
  1056 | D        | Killed a two-headed ogre
  1056 | D        | Reached skill level 10 in Evocations
  1060 | D        | Killed an orc warlord
  1093 | D        | Entered arena 13.
  1093 | D        | Noticed a soul eater
  1094 | D        | Noticed a soul eater
  1094 | D        | Noticed a soul eater
  1094 | D        | Noticed a ghoul
  1094 | D        | Noticed a soul eater
  1096 | D        | Found a transporter.
  1101 | D        | Killed a soul eater
  1103 | D        | Killed a soul eater
  1103 | D        | Killed a soul eater
  1103 | D        | Received a gift from Okawaru
  1110 | D        | Killed a soul eater
  1111 | D        | Killed a ghoul
  1146 | D        | Entered arena 14.
  1147 | D        | Noticed a bone dragon
  1147 | D        | Noticed a rakshasa
  1148 | D        | Noticed a rakshasa
  1157 | D        | Killed a rakshasa
  1157 | D        | Reached XP level 13. HP: 88/88 MP: 17/24
  1158 | D        | Killed a rakshasa
  1164 | D        | Killed a bone dragon
  1166 | D        | Found a transporter.
  1172 | D        | Got the ring "Firebram" {rPois rC+ Int+4}
  1183 | D        | Entered arena 15.
  1184 | D        | Noticed a six-headed hydra
  1185 | D        | Noticed a six-headed hydra
  1186 | D        | Found a transporter.
  1192 | D        | Killed an eight-headed hydra
  1194 | D        | Killed a seven-headed hydra
  1203 | D        | Entered arena 16.
  1204 | D        | Noticed a blizzard demon
  1206 | D        | Found a transporter.
  1210 | D        | Received a gift from Okawaru
  1210 | D        | Killed a blizzard demon
  1226 | D        | Entered arena 17.
  1229 | D        | Noticed a vampire knight
  1230 | D        | Noticed a lich
  1232 | D        | Found a transporter.
  1236 | D        | Killed a vampire knight
  1237 | D        | Reached skill level 15 in Evocations
  1238 | D        | Reached XP level 14. HP: 96/96 MP: 25/25
  1245 | D        | Killed a lich
  1245 | D        | Reached skill level 15 in Fighting
  1245 | D        | Reached skill level 15 in Long Blades
  1245 | D        | Reached skill level 15 in Shields
  1266 | D        | Entered arena 18.
  1270 | D        | Reached skill level 15 in Armour
  1272 | D        | Noticed an orc warlord
  1272 | D        | Noticed a stone giant
  1274 | D        | Found a transporter.
  1286 | D        | Killed a stone giant
  1289 | D        | Received a gift from Okawaru
  1292 | D        | Killed an orc warlord
  1304 | D        | Got the ring "Cuhuah" {rCorr Str+4 Slay+3}
  1320 | D        | Entered arena 19.
  1402 | D        | Noticed an azure jelly
  1402 | D        | Noticed an acid blob
  1404 | D        | Paralysed by a floating eye for 3 turns
  1408 | D        | Killed an azure jelly
  1408 | D        | Noticed an azure jelly
  1410 | D        | Noticed an azure jelly
  1413 | D        | Killed an acid blob
  1413 | D        | Received a gift from Okawaru
  1415 | D        | Found a transporter.
  1416 | D        | Killed an azure jelly
  1420 | D        | Killed an azure jelly
  1430 | D        | Identified a +0 pair of boots of running (Okawaru gifted it
                  | to you in the Dungeon)
  1478 | D        | Entered arena 20.
  1485 | D        | Noticed an iron dragon
  1485 | D        | Noticed a stone giant
  1485 | D        | Noticed a stone giant
  1498 | D        | Reached skill level 1 in Dodging
  1501 | D        | Killed an iron dragon
  1501 | D        | Reached skill level 15 in Invocations
  1501 | D        | Reached XP level 15. HP: 83/104 MP: 16/27
  1504 | D        | Killed a stone giant
  1506 | D        | Killed a stone giant
  1506 | D        | Reached skill level 5 in Dodging
  1515 | D        | Received a gift from Okawaru
  1525 | D        | Found a transporter.
  1671 | D        | Entered arena 21.
  1677 | D        | Noticed a reaper
  1678 | D        | Noticed a reaper
  1678 | D        | Noticed a reaper
  1678 | D        | Noticed a Hell Sentinel
  1679 | D        | Noticed a reaper
  1680 | D        | Found the +8 demon blade "Leech" {vamp, rN+ AC-3 EV-3}
  1692 | D        | Killed a reaper
  1699 | D        | Killed a reaper
  1706 | D        | Killed a Hell Sentinel
  1711 | D        | Killed a reaper
  1717 | D        | Killed a reaper
  1752 | D        | Found a transporter.
  1862 | D        | Entered arena 22.
  1867 | D        | Found the +0 Maxwell's etheric cage {RegenMP+ *Contam rElec
                  | MP+4}
  1867 | D        | Noticed an emperor scorpion
  1877 | D        | Killed a ghost moth
  1877 | D        | Reached skill level 10 in Dodging
  1879 | D        | Received a gift from Okawaru
  1879 | D        | Reached XP level 16. HP: 112/112 MP: 22/29
  1882 | D        | Found the +0 mask of the Dragon {MR+ Slay+3 SInv}
  1906 | D        | Found a transporter.
  2020 | D        | Entered arena 23.
  2026 | D        | Noticed an iron dragon
  2026 | D        | Noticed a quicksilver dragon
  2026 | D        | Noticed an iron dragon
  2027 | D        | Noticed a quicksilver dragon
  2037 | D        | Noticed a quicksilver dragon
  2045 | D        | Noticed an iron dragon
  2052 | D        | Noticed an iron dragon
  2052 | D        | Noticed an iron dragon
  2052 | D        | Noticed an iron dragon
  2056 | D        | Killed a quicksilver dragon
  2060 | D        | Killed a quicksilver dragon
  2060 | D        | Killed a quicksilver dragon
  2065 | D        | Killed an iron dragon
  2065 | D        | Killed an iron dragon
  2067 | D        | Killed an iron dragon
  2069 | D        | Killed an iron dragon
  2069 | D        | Received a gift from Okawaru
  2070 | D        | Killed an iron dragon
  2074 | D        | Killed an iron dragon
  2074 | D        | Reached skill level 15 in Dodging
  2085 | D        | Got a shimmering hat {god gift}
  2096 | D        | Identified the +0 hat of Seole {rPois} (Okawaru gifted it
                  | to you in the Dungeon)
  2112 | D        | Found a transporter.
  2124 | D        | Got the +3 chain mail of Curiosity {rN+ Regen+ MP+9 Slay+3}
  2141 | D        | Got the ring "Pobuureg" {+Inv rElec rC+ EV+5 Str-2}
  2162 | D        | Got the ring "Xaisyergh" {MR+ Str+4}
  2227 | D        | Entered arena 24.
  2246 | D        | Identified the ring "Gauneses" {rF+ MR+ Dex+4}
  2248 | D        | Reached XP level 17. HP: 122/122 MP: 24/30
  2324 | D        | Found a transporter.
  2374 | D        | Entered arena 25.
  2381 | D        | Noticed a titan
  2381 | D        | Noticed a titan
  2381 | D        | Noticed a titan
  2382 | D        | Identified the +10 hand axe of Cruel Justice {flame, Dex+2}
  2384 | D        | Noticed a titan
  2396 | D        | Reached skill level 1 in Spellcasting
  2403 | D        | Received a gift from Okawaru
  2403 | D        | Reached skill level 5 in Spellcasting
  2405 | D        | Killed a titan
  2405 | D        | Reached XP level 18. HP: 16/131 MP: 2/31
  2405 | D        | Killed a titan
  2405 | D        | Reached skill level 10 in Spellcasting
  2407 | D        | Received a gift from Okawaru
  2409 | D        | Killed a titan
  2409 | D        | Killed a titan
  2409 | D        | Received a gift from Okawaru
  2429 | D        | Received a gift from Okawaru
  2443 | D        | Found the +2 Maxwell's thermic engine {flame, freeze}
  2444 | D        | Found the +7 Kryia's mail coat {PotionHeal*2 rC+}
  2449 | D        | Found a transporter.
  2457 | D        | Got the Disquisition on Creation and Fire
  2495 | D        | Got Sif Muna's Volume of the Birds
  2532 | D        | Learned a level 7 spell: Malign Gateway
  2609 | D        | Entered arena 26.
  2623 | D        | Noticed a Hell Sentinel
  2623 | D        | Identified the cursed +1 scale mail "Esyipa" {*Drain Dex+3
                  | Slay+2 SInv}
  2625 | D        | Noticed an iron giant
  2626 | D        | Noticed an iron giant
  2628 | D        | Noticed an iron giant
  2628 | D        | Identified the +4 hand crossbow of Fate {speed, Str+2
                  | Int+3}
  2632 | D        | Noticed an iron giant
  2640 | D        | Killed from afar by a Hell Sentinel

Levels and vault maps discovered:
D:        sprint_v [room_start, room_1, room_2, room_3, room_4, room_5, room_6,
          room_7, room_8, room_9, room_10, room_11, room_12, room_13, room_14,
          room_15, room_16, room_17, room_18, room_19, room_20, room_21,
          room_22, room_23, room_24, room_25, room_26, room_27]

Skill      XL: |  1  2  3  4  5  6  7  8  9 10 11 12 13 14 15 16 17 18 |
---------------+-------------------------------------------------------+-----
Fighting       | 4 6 7 8 9 10 12 13 14 16 17 19 20 21 | 21.2
Long Blades    | 4 6 7 8 9 11 12 13 14 16 17 19 20 21 | 21.2
Armour         | 4 6 7 8 9 10 12 13 14 16 17 18 20 21 | 21.2
Shields        | 4 6 7 8 9 10 12 13 14 16 17 19 20 21 | 21.3
Invocations    | 6 7 9 11 12 14 15 17 | 17.8
Evocations     | 8 12 15 17 18 | 18.8
Dodging        | 2 10 15 19 21 | 21.0
Spellcasting   | 9 12 | 12.7
Axes           | |  2.0
Summonings     | |  0.3
Translocations | |  0.2

Action                   |  1- 3 |  4- 6 |  7- 9 | 10-12 | 13-15 | 16-18 || total
-------------------------+-------+-------+-------+-------+-------+-------++-------
Melee: Double sword      |     2 |     2 |    34 |    66 |   123 |    84 ||   311
       Demon blade       |       |       |       |       |       |    13 ||    13
Invok: Heroism           |       |       |     3 |     5 |     6 |     5 ||    19
       Finesse           |       |       |       |     4 |     5 |     4 ||    13
 Abil: Evoke Invisibilit |       |       |       |     1 |     1 |     3 ||     5
Evoke: Lightning rod     |       |       |       |       |     3 |    12 ||    15
       Wand              |       |       |       |       |     1 |     4 ||     5
       Phantom mirror    |       |       |       |       |     1 |     3 ||     4
  Use: Potion            |     1 |       |     1 |     4 |     6 |    19 ||    31
       Scroll            |       |       |       |       |     5 |     3 ||     8
 Stab: Invisible         |       |       |       |     2 |       |     3 ||     5
  Eat: Ration            |       |       |       |     1 |       |     1 ||     2
       Chunk             |       |       |       |       |       |     1 ||     1
Armor: Plate armour      |     3 |     1 |    22 |    12 |    25 |     8 ||    71
       Crystal plate arm |       |       |       |       |       |     6 ||     6
Dodge: Dodged            |       |       |     3 |     4 |    19 |    26 ||    52
Block: Shield            |     3 |     3 |    38 |    75 |   101 |    96 ||   316
       Reflection        |       |       |       |     1 |       |       ||     1
       Rpst.: Double sword |       |       |       |       |     3 |     1 ||     4
